 Dungeon Crawl Stone Soup version 0.22-a0-354-g30dfbe6 (webtiles) character file.

15943 4thArraOfDagon the Arsonist (level 12, 0/66 HPs)
             Began as an Octopode Fire Elementalist on Apr 16, 2018.
             Was a High Priest of Elyvilon.
             Slain by a four-headed hydra (7 damage)
             ... on level 12 of the Dungeon.
             The game lasted 00:36:54 (8849 turns).

4thArraOfDagon the Arsonist (OpFE)                  Turns: 8849, Time: 00:36:55

Health: 0/66       AC:  3    Str:  7    XL:     12   Next: 32%
Magic:  34/38      EV: 13    Int: 23    God:    Elyvilon [*****.]
Gold:   786        SH:  4    Dex: 12    Spells: 13/26 levels left

rFire    + . .     SeeInvis .   r - staff of power {!a}
rCold    . . .     Gourm    .   (no shield)
rNeg     . . .     Faith    .   F - +2 hat
rPois    .         Spirit   .   p - amulet of regeneration
rElec    .         Reflect  .   m - ring of protection from fire
rCorr    .         Harm     .   t - ring of stealth
MR       .....     Clarity  +   (no ring)
Stlth    ++++......             (no ring)
HPRegen  1.01/turn              (no ring)
MPRegen  0.26/turn              (no ring)
                                (no ring)
                                (no ring)

@: slowed, very slow
A: almost no armour, stealthy swim, amphibious, 8 rings, constrict 8, large bone
plates 1, camouflage 1, clarity, regeneration 1, gelatinous body 1
a: Lesser Healing, Heal Other, Purification, Greater Healing, Divine Vigour,
Divine Protection, Renounce Religion


You were on level 12 of the Dungeon.
You worshipped Elyvilon.
Elyvilon was extremely pleased with you.
You were hungry.

You visited 2 branches of the dungeon, and saw 13 of its levels.

You collected 786 gold pieces.

Inventory:

Hand Weapons
 l - the +4 flail of Xetialue {crush, Int+3}
   (You found it on level 7 of the Dungeon)

   It inflicts extra damage upon your enemies.
   It affects your intelligence (+3).
Missiles
 G - 3 throwing nets (quivered)
Armour
 F - a +2 hat (worn)
Magical Staves
 r - an uncursed staff of power (weapon) {!a}
 y - an uncursed staff of earth
Jewellery
 c - an uncursed amulet of the acrobat
 m - a ring of protection from fire (left tentacle)
 p - an amulet of regeneration (around mantle)
 t - a ring of stealth (right tentacle)
Wands
 C - a wand of polymorph (13)
 D - a wand of flame (12)
 H - a wand of acid (8)
Scrolls
 a - 4 scrolls of remove curse
 d - 3 scrolls of teleportation
 e - a scroll of enchant armour
 g - 2 scrolls of enchant weapon
 i - 2 scrolls of immolation
 n - 3 scrolls of identify
 q - 2 scrolls of magic mapping
 s - 2 scrolls of fear
 w - a scroll of fog
 x - a scroll of brand weapon
 A - a scroll of blinking
Potions
 f - 5 potions of flight
 h - 2 potions of brilliance
 j - 2 potions of heal wounds
 k - a potion of might
 o - 8 potions of curing
 u - a potion of cancellation
 v - 4 potions of agility
 z - a potion of lignification
 B - a potion of berserk rage
 E - a potion of ambrosia
Comestibles
 b - 15 rations


   Skills:
 - Level 2.0 Dodging
 - Level 2.6 Stealth
 + Level 7.8 Spellcasting
 * Level 11.6 Conjurations
 * Level 12.0 Fire Magic
 + Level 7.5 Invocations


You had 13 spell levels left.
You knew the following spells:

 Your Spells              Type           Power        Failure   Level  Hunger
a - Flame Tongue          Conj/Fire      #####        1%          1    None
b - Conjure Flame         Conj/Fire      ######..     1%          3    None
c - Sticky Flame          Conj/Fire      ######..     1%          4    ###....
d - Fireball              Conj/Fire      ######....   1%          5    #####..


Dungeon Overview and Level Annotations

Branches:
Dungeon (12/15)            Temple (1/1) D:5            Lair (0/6) D:8
    Orc (0/2) D:12

Altars:
Ashenzari
Cheibriados
Dithmenos
Elyvilon
Fedhas
Gozag
Hepliaklqana
Kikubaaqudgha
Makhleb
Nemelex Xobeh
Qazlal
Ru
Sif Muna
Trog
Uskayaw
Vehumet
Xom
Yredelemnul
Zin
The Shining One

Shops:
D:6 %   D:7 (

Annotations:
D:9 Erica, Erolcha
D:12 Gastronok


Innate Abilities, Weirdness & Mutations

You cannot wear most types of armour.
You are very stealthy in the water. (Stealth+)
You are amphibious.
You can wear up to eight rings at the same time.
You can use your tentacles to constrict eight enemies at once.
Your skin changes colour to match your surroundings (Stealth+).
Your rubbery body absorbs attacks. (AC +1, EV +1)
You are partially covered in large bone plates. (SH +4)
You possess an exceptional clarity of mind.
Your natural rate of healing is unusually fast.


Message History

The orc wizard closely misses you.
Unknown command.
Unknown command.
Unknown command.
You are healed.
You feel somewhat more hungry.
The orc wizard begins to cast a cantrip, but forgets the words!
The four-headed hydra misses the orc wizard.
The four-headed hydra bites the orc wizard.
The four-headed hydra bites the orc wizard!
The orc wizard dies!
The four-headed hydra bites you!
* * * LOW HITPOINT WARNING * * *
You block the orc's attack.
Unknown command.
Unknown command.
You block the orc's attack. The four-headed hydra bites you.
* * * LOW HITPOINT WARNING * * *
The four-headed hydra completely misses you.
The four-headed hydra bites you!
You die...

,,,................#
***......=.........#
*................#
*.......(........#
***................#
,,,...ยง............#
,,,...........)....#
,,,...........))o..#
*,,###...######D@..##############
*,,* #...* #..................
*,,* #..D* #..................
*,,* #...* #..................
*,,* #.,,* #............######
*,,* *,,,* #.....(......#
,,,***,,,**####............######
,,,,,,,,,,,......................
,,,,,,,,,,,..............>.......


You could see an orc and a neutral four-headed hydra (wandering).

Vanquished Creatures
  Harold (D:12)
  5 two-headed ogres
  An unseen horror (D:10)
  Pikel (D:9)
  A cyclops (D:11)
  Joseph (D:8)
  Maurice (D:9)
  A troll (D:10)
  3 hippogriffs
  A vampire (D:9)
  A spriggan (D:7)
  A wyvern (D:8)
  3 yaks (D:10)
  Grum (D:8)
  2 hungry ghosts
  2 water moccasins
  5 phantoms
  3 sky beasts
  6 ice beasts
  9 orc warriors
  15 centaurs
  7 ogres
  2 wolves (D:8)
  8 bullfrogs
  A big kobold (D:8)
  2 scorpions
  A killer bee (D:9)
  5 wights (D:8)
  4 howler monkeys
  6 crimson imps
  3 centaur zombies
  4 bullfrog zombies
  7 orc wizards
  2 hounds (D:11)
  A bullfrog skeleton (D:7)
  3 centaur skeletons
  6 orc priests
  2 jellies
  Natasha (thrice) (D:2)
  4 iguanas
  8 worker ants
  2 hound skeletons
  2 worker ant zombies
  10 gnolls
  A howler monkey skeleton (D:4)
  10 adders
  An ooze (D:3)
  2 adder zombies
  A worm (D:5)
  A dart slug (D:2)
  4 leopard geckos
  36 orcs
  8 giant cockroaches
  7 goblins
  13 hobgoblins
  4 jackals (D:3)
  16 kobolds
  3 quokkas
  A ball python (D:6)
  7 bats
  4 frilled lizards
  2 leopard gecko zombies
  A quokka zombie (D:5)
  9 rats
288 creatures vanquished.

Vanquished Creatures (collateral kills)
  An orc wizard (D:7)
  A centaur zombie (D:8)
  An orc priest (D:7)
  A worker ant (D:7)
  An orc (D:7)
5 creatures vanquished.

Vanquished Creatures (others)
  An orc warrior (D:7)
  A slave (D:9)
  An ogre (D:7)
  A hound (D:7)
  A centaur skeleton (D:9)
  3 orc wizards (D:12)
  A shadow imp (D:9)
9 creatures vanquished.

Grand Total: 302 creatures vanquished

Notes
Turn   | Place    | Note
-------+----------+-------------------------------------------
     0 | D:1      | 4thArraOfDagon the Octopode Fire Elementalist began the quest for the Orb.
     0 | D:1      | Reached XP level 1. HP: 11/11 MP: 3/3
    64 | D:1      | Reached XP level 2. HP: 16/17 MP: 1/5
   200 | D:2      | Noticed Natasha
   329 | D:3      | Reached XP level 3. HP: 21/21 MP: 6/6
   334 | D:3      | Learned a level 3 spell: Conjure Flame
   393 | D:5      | Entered Level 5 of the Dungeon
   424 | D:6      | Noticed a vampire
   454 | D:6      | Found a blossoming altar of Fedhas.
   499 | D:6      | Noticed a bullfrog
   521 | D:7      | Noticed a centaur
   531 | D:7      | Found Beotacej's Weapon Shop.
   568 | D:7      | Noticed an orc warrior
   594 | D:7      | Noticed an orc warrior
   606 | D:7      | Got a jewelled flail
   607 | D:7      | Identified the +4 flail of Xetialue {crush, Int+3} (You found it on level 7 of the Dungeon)
   625 | D:7      | Noticed an ice beast
   631 | D:7      | Reached XP level 4. HP: 27/27 MP: 3/7
   675 | D:8      | Reached skill level 4 in Fire Magic
   682 | D:8      | Learned a level 4 spell: Sticky Flame
   692 | D:8      | Killed an ice beast
   692 | D:8      | Reached XP level 5. HP: 27/31 MP: 3/9
   707 | D:8      | Noticed an ogre
   776 | D:7      | Noticed an ogre
   789 | D:7      | Killed an ogre
   798 | D:7      | Reached XP level 6. HP: 36/36 MP: 0/10
   814 | D:7      | Noticed a spriggan baker
   821 | D:7      | Noticed a hippogriff
   833 | D:6      | Noticed a sky beast
   994 | D:6      | Noticed a sky beast
  1149 | D:4      | Reached skill level 5 in Fire Magic
  1300 | D:6      | Reached XP level 7. HP: 35/41 MP: 12/12
  1413 | D:6      | Found Daul's Food Emporium.
  1439 | D:6      | Reached skill level 5 in Conjurations
  1523 | D:7      | Reached skill level 6 in Fire Magic
  1622 | D:7      | Learned a level 5 spell: Fireball
  1658 | D:7      | Reached XP level 8. HP: 28/46 MP: 10/14
  2032 | D:5      | Found a staircase to the Ecumenical Temple.
  2039 | Temple   | Entered the Ecumenical Temple
  2082 | Temple   | Became a worshipper of Elyvilon the Healer
  2122 | D:4      | Found a shadowy altar of Dithmenos.
  2284 | D:3      | Reached skill level 7 in Fire Magic
  2440 | D:2      | Killed Natasha
  2484 | D:2      | Reached * piety under Elyvilon
  3321 | D:2      | Noticed Natasha
  3327 | D:2      | Killed Natasha
  3626 | D:2      | Noticed Natasha
  3633 | D:2      | Killed Natasha
  4114 | D:4      | Gained mutation: You possess an exceptional clarity of mind. [potion of mutation]
  4114 | D:4      | Gained mutation: You are partially covered in large bone plates. (SH +4) [potion of mutation]
  4114 | D:4      | Gained mutation: Your natural rate of healing is unusually fast. [potion of mutation]
  4126 | D:4      | Reached skill level 1 in Invocations
  4161 | D:4      | Reached ** piety under Elyvilon
  4351 | D:4      | Reached XP level 9. HP: 51/51 MP: 16/16
  5048 | D:7      | Reached skill level 5 in Spellcasting
  5048 | D:7      | Reached skill level 8 in Fire Magic
  5441 | D:8      | Found a staircase to the Lair.
  5476 | D:8      | zxcv: fireball time!
  5593 | D:8      | Noticed Joseph
  5602 | D:8      | Killed Joseph
  5602 | D:8      | Reached skill level 9 in Fire Magic
  5602 | D:8      | Reached XP level 10. HP: 36/56 MP: 4/18
  5662 | D:8      | Noticed Grum
  5670 | D:8      | Killed Grum
  5926 | D:8      | Found a glowing silver altar of Zin.
  5937 | D:8      | Reached *** piety under Elyvilon
  6316 | D:9      | Noticed Erica
  6467 | D:9      | Noticed a two-headed ogre
  6498 | D:9      | Reached skill level 5 in Invocations
  6562 | D:9      | Reached skill level 10 in Fire Magic
  6613 | D:9      | Noticed Maurice
  6628 | D:9      | Killed a two-headed ogre
  6756 | D:9      | Noticed Erolcha
  6783 | D:9      | Killed Maurice
  6783 | D:9      | Reached XP level 11. HP: 61/61 MP: 15/20
  6817 | D:9      | Reached skill level 10 in Conjurations
  6818 | D:9      | Noticed Pikel
  6855 | D:9      | Killed Pikel
  6956 | D:10     | Entered Level 10 of the Dungeon
  7277 | D:10     | Noticed a two-headed ogre
  7285 | D:10     | Killed a two-headed ogre
  7327 | D:10     | Reached **** piety under Elyvilon
  7413 | D:10     | Noticed an unseen horror
  7414 | D:10     | Killed an unseen horror
  7414 | D:10     | Reached skill level 11 in Fire Magic
  7839 | D:11     | Noticed a two-headed ogre
  7950 | D:11     | Noticed a two-headed ogre
  7964 | D:11     | Killed a two-headed ogre
  8158 | D:11     | Noticed a two-headed ogre
  8178 | D:11     | Killed a two-headed ogre
  8332 | D:11     | Reached XP level 12. HP: 66/66 MP: 4/23
  8539 | D:11     | Killed a two-headed ogre
  8645 | D:11     | Reached ***** piety under Elyvilon
  8676 | D:12     | Noticed Harold
  8683 | D:12     | Killed Harold
  8715 | D:12     | Noticed Gastronok
  8719 | D:12     | :(
  8838 | D:12     | Noticed a four-headed hydra
  8845 | D:12     | Pacified a four-headed hydra
  8845 | D:12     | Reached skill level 12 in Fire Magic
  8849 | D:12     | Slain by a four-headed hydra

Vault maps used:
D:1:      dpeg_arrival_rooms_with_view
D:2:      uniq_natasha
D:3:      cheibrodos_helix_gallery, grunt_decor_arrowhead, st_stairs_12
D:4:      grunt_dithmenos_smoke
D:5:      temple_green, first_ration, minmay_misc_feat_alley,
          minmay_misc_feat_plants
D:6:      fedhas_altar_1, serial_shops, nicolae_shop_behind_doors
D:7:      serial_shops, shop, the_bakery, serial_park_tiny_pond
D:8:      lair_entry_dummy, basic_altar, kennysheep_generic_room_14, uniq_grum,
          uniq_joseph
D:9:      uniq_pikel, uniq_erolcha, uniq_erica, uniq_maurice
D:10:     minmay_orc_keep
D:11:     lightli_fourway_metalbox
D:12:     orc_0_dummy, lab_entry_generic, uniq_gastronok, uniq_harold
Temple:   compressed_dpeg_triangle_lava_temple

Skill      XL: |  1  2  3  4  5  6  7  8  9 10 11 12 |
---------------+-------------------------------------+-----
Conjurations   | 2 3 4 5 7 8 9 11 | 11.6
Fire Magic     | 4 5 6 7 9 10 11 12 | 12.0
Spellcasting   | 3 4 5 6 7 |  7.8
Invocations    | 1 4 5 7 |  7.5
Dodging        | |  2.0
Stealth        | |  2.6

Action                   |  1- 3 |  4- 6 |  7- 9 | 10-12 || total
-------------------------+-------+-------+-------+-------++-------
Melee: Unarmed           |    10 |       |       |       ||    10
       Constrict         |    12 |     7 |    34 |    22 ||    75
       Tentacles         |     5 |     2 |    22 |    14 ||    43
       Long sword        |    15 |       |       |       ||    15
       Flail             |     1 |    20 |   126 |       ||   147
       Staff             |       |       |    65 |   106 ||   171
Throw: Throwing net      |       |       |     1 |       ||     1
 Cast: Flame Tongue      |    31 |    10 |    70 |   139 ||   250
       Sticky Flame      |       |     5 |    36 |    34 ||    75
       Conjure Flame     |       |     2 |     8 |    21 ||    31
       Fireball          |       |       |     4 |    38 ||    42
Invok: Lesser Healing    |       |       |     8 |     4 ||    12
       Heal Other        |       |       |       |     6 ||     6
Evoke: Wand              |       |     5 |     5 |     4 ||    14
  Use: Scroll            |     3 |     8 |     9 |     7 ||    27
       Potion            |     1 |     2 |     4 |       ||     7
 Stab: Sleeping          |       |       |    13 |     4 ||    17
       Invisible         |       |       |     1 |       ||     1
       Held in net/web   |       |       |     1 |       ||     1
  Eat: Chunk             |       |     3 |    16 |    27 ||    46
       Ration            |       |       |     2 |       ||     2
Armor: Skin              |     1 |     4 |    10 |    13 ||    28
Dodge: Dodged            |    36 |    24 |   182 |   106 ||   348
Block: Other             |       |       |    25 |    40 ||    65
       Rpst.: Long sword |     3 |       |       |       ||     3

Table legend:
 A = Spawn XP
 B = Non-spawn XP
 C = Spawn XP percentage of total XP
 D = Spawn monster count
 E = Non-spawn monster count
 F = Spawn count percentage of total count
 G = Total turns spent on level
                    A         B        C        D         E        F      G
               +---------+---------+-------+---------+---------+-------+---------
         Total |       0 |   22175 |   0.0 |       0 |     294 |   0.0 |  8849
               +---------+---------+-------+---------+---------+-------+---------
           D:1 |       0 |      53 |   0.0 |       0 |      30 |   0.0 |   795
           D:2 |       0 |     186 |   0.0 |       0 |      21 |   0.0 |   706
           D:3 |       0 |     131 |   0.0 |       0 |      33 |   0.0 |   746
           D:4 |       0 |     549 |   0.0 |       0 |      14 |   0.0 |   629
           D:5 |       0 |     589 |   0.0 |       0 |      20 |   0.0 |   860
           D:6 |       0 |     447 |   0.0 |       0 |      10 |   0.0 |   665
           D:7 |       0 |    1695 |   0.0 |       0 |      29 |   0.0 |   918
           D:8 |       0 |    3339 |   0.0 |       0 |      45 |   0.0 |   942
           D:9 |       0 |    3316 |   0.0 |       0 |      19 |   0.0 |   646
          D:10 |       0 |    3607 |   0.0 |       0 |      31 |   0.0 |   953
          D:11 |       0 |    6477 |   0.0 |       0 |      38 |   0.0 |   767
          D:12 |       0 |    1786 |   0.0 |       0 |       4 |   0.0 |   173
               +---------+---------+-------+---------+---------+-------+---------
